 Dungeon Crawl Stone Soup version 0.24-a0-618-ge4662a2d14 (webtiles) character file.

Game seed: 6082435024246092111, levelgen mode: deterministic

47 Elminster the Digger (level 3, -1/28 HPs)
             Began as a Deep Dwarf Earth Elementalist on Sept 15, 2019.
             Slain by a gnoll
             ... wielding a +0 club
              (6 damage)
             ... on level 2 of the Dungeon.
             The game lasted 00:05:38 (652 turns).

Elminster the Digger (Deep Dwarf Earth Elementalist) Turns: 652, Time: 00:05:39

Health: -1/28      AC:  3    Str: 11    XL:     3   Next: 48%
Magic:  0/6        EV: 12    Int: 16    God:
Gold:   137        SH:  0    Dex: 13    Spells: 3/6 levels left

rFire    . . .     SeeInvis .   e - +0 club
rCold    . . .     Gourm    .   (no shield)
rNeg     . . .     Faith    .   c - +0 robe
rPois    .         Spirit   .   (no helmet)
rElec    .         Reflect  .   (no cloak)
rCorr    .         Harm     .   f - +0 pair of gloves
MR       .....                  (no boots)
Stlth    ++........             (no amulet)
HPRegen  0.00/turn              (no ring)
MPRegen  0.10/turn              (no ring)

@: non-regenerating
A: damage resistance, heal wounds, sense surroundings 1, no regeneration
a: Heal Wounds


You were on level 2 of the Dungeon.
You were not hungry.

You visited 1 branch of the dungeon, and saw 2 of its levels.

You collected 137 gold pieces.

Inventory:

Hand Weapons
 e - a +0 club (weapon)
   (You took it off a goblin on level 1 of the Dungeon)
Missiles
 b - 37 stones (quivered)
 i - a throwing net {=f, !d}
Armour
 c - a +0 robe (worn)
 f - a +0 pair of gloves (worn)
   (You found it on level 1 of the Dungeon)
Potions
 a - a potion of lignification {unknown}
 g - a potion of heal wounds {unknown}
 h - a potion of berserk rage {!q}
Comestibles
 d - 2 rations


   Skills:
 - Level 2.1 Dodging
 - Level 2.4 Stealth
 - Level 2.0 Spellcasting
 - Level 0.8 Transmutations
 + Level 5.9 Earth Magic


You had 3 spell levels left.
You knew the following spells:

 Your Spells              Type           Power        Failure   Level  Hunger
a - Sandblast             Erth           ###...       1%          1    #......
w - Passwall              Tmut/Erth      ##......     8%          2    ###....

Your spell library contained the following spells:

 Spells                   Type           Power        Failure   Level  Hunger
 Stone Arrow              Conj/Erth      ##....       19%         3    ###....
 Petrify                  Tmut/Erth      ##......     45%         4    #####..
 Lee's Rapid Deconstruct  Erth           ###.......   45%         5    ######.


Dungeon Overview and Level Annotations

Branches:
Dungeon (2/15)

Altars:
Fedhas
Nemelex Xobeh


Innate Abilities, Weirdness & Mutations

You are resistant to damage.
You can heal yourself by infusing magical energy.
You passively map a small area around you.
You do not regenerate.


Message History

You see here a ball python corpse.
b - 47 stones (gained 24)
A goblin comes into view.
The goblin shouts!
Aim: a goblin You miscast Sandblast.
You are very lightly contaminated with residual magic.
Nothing appears to happen.
The goblin hits you.
You now have 3/6 mp.
Aim: a goblin The blast of sand misses the goblin.
b - 46 stones The goblin hits you.
You now have 2/6 mp.
Aim: a goblin The blast of sand hits the goblin!
You kill the goblin!
b - 45 stones You now have 1/6 mp.
A rock wall.
You begin to meditate on the wall.
You continue meditating on the rock. x2
You finish merging with the rock.
A worm comes into view.
You now have 0/6 mp.
The worm moves out of view.
h - a lumpy cyan potion Your magical contamination has completely faded away.
You don't have enough magic to cast that spell.
Okay, then.
As you read the scroll labeled CIC UBLAETESE, it crumbles to dust.
It is a scroll of identify.
h - a potion of berserk rage 2 gnolls come into view.
Aim: a worm (resting)
The blast of sand hits the worm!!
You kill the worm!
b - 44 stones The gnoll shouts!
A gnoll comes into view.
You now have 0/6 mp.
The gnoll shouts!
A gnoll comes into view. It is wielding a +0 club.
Found a blossoming altar of Fedhas. 7 boomerangs.
The floor.
Unknown command.
You see here 7 boomerangs.
Found an escape hatch in the floor.
a - a blue potion
Aim: a gnoll, wielding a +0 whip The blast of sand misses the gnoll.
b - 43 stones You now have 2/6 mp.
Aim: a gnoll, wielding a +0 whip The blast of sand hits the gnoll!
b - 42 stones You now have 1/6 mp.
Aim: a gnoll, wielding a +0 whip (almost dead)
The blast of sand hits the gnoll!
You kill the gnoll!
b - 41 stones You now have 0/6 mp.
The gnoll throws a throwing net.
The throwing net closely misses you.
You see here a throwing net {=f, !d}.
i - a throwing net {=f, !d} You open the door.
There is an open door here.
A goblin comes into view. It is wielding a -3 club.
The goblin shouts!
Aim: a goblin, wielding a -3 club The blast of sand hits the goblin!!
You kill the goblin!
b - 40 stones You now have 0/6 mp.
Throwing (i - inventory)
b - 40 stones (quivered)
Aim: a gnoll, wielding a +0 club You throw a stone.
The stone hits the gnoll.
The gnoll hits you but does no damage.
Things that are here:
a cursed -3 club; a goblin corpse
Aim: a gnoll, wielding a +0 club (lightly wounded)
The blast of sand hits the gnoll!
b - 38 stones The gnoll barely misses you.
You now have 0/6 mp.
You barely miss the gnoll. The gnoll hits you with a +0 club.
You take 2 damage, and have 11/28 hp.
You hit the gnoll but do no damage. The gnoll hits you with a +0 club.
You take 2 damage, and have 9/28 hp.
Aim: a gnoll, wielding a +0 club (heavily wounded)
The blast of sand hits the gnoll.
b - 37 stones The gnoll barely misses you.
You now have 0/6 mp.
You hit the gnoll. The gnoll hits you with a +0 club!
* * * LOW HITPOINT WARNING * * *
You take 4 damage, and have 5/28 hp.
You hit the gnoll but do no damage. The gnoll barely misses you.
You barely miss the gnoll. The gnoll hits you with a +0 club!
You die...

#......####.#
#......#..#.#
#......#.##§#
#......#..#§#
#.....>#..#§#
#......#.##.#
####'#.#.##.#
###############(#.g.g...
* * *
,.......@g...)...#.....#.
*
#################.#.....
* , #...........
#.###.###.## *
,#........) , , ***
#.#####.## , , * , #. #.#
,, * * #,* #.# * * * ,
#.#


You could see a gnoll.

Vanquished Creatures
  A gnoll (D:2)
  A worm (D:2)
  2 dart slugs (D:1)
  3 leopard geckos
  A ball python (D:2)
  6 goblins
  4 hobgoblins
  A quokka (D:2)
  A bat (D:1)
  2 frilled lizards
  2 kobolds (D:1)
  2 rats (D:1)
26 creatures vanquished.

Notes
Turn   | Place    | Note
-------+----------+-------------------------------------------
     0 | D:1      | Elminster the Deep Dwarf Earth Elementalist began the quest
                  | for the Orb.
     0 | D:1      | Reached XP level 1. HP: 15/15 MP: 3/3
    97 | D:1      | Reached skill level 2 in Spellcasting
   167 | D:1      | Reached XP level 2. HP: 16/22 MP: 0/5
   263 | D:1      | Reached skill level 5 in Earth Magic
   440 | D:2      | Learned a level 2 spell: Passwall
   491 | D:2      | Found a sparkling altar of Nemelex Xobeh.
   518 | D:2      | Reached XP level 3. HP: 14/28 MP: 2/6
   603 | D:2      | Found a blossoming altar of Fedhas.
   650 | D:2      | HP: 5/28 [gnoll/+0 club (4)]
   652 | D:2      | Slain by a gnoll

Levels and vault maps discovered:
D:1:      ncdulo_watergridlock, layout_basic, minmay_pentomino_s2
D:2:      layout_basic, nicolae_overflow_crystal_walls, lemuel_round_altar,
          ashenzari_conservatory_becter, marbit_many_paths,
          corexii_corridor_pit, nemelex_diamond_rough_becter

Skill      XL: |  1  2 |
---------------+-------+-----
Spellcasting   | 2 |  2.0
Earth Magic    | 5 |  5.9
Dodging        | |  2.1
Stealth        | |  2.4
Transmutations | |  0.8

Action                   || total
-------------------------++-------
Melee: Club              ||    29
Throw: Stone             ||     1
 Cast: Sandblast         ||    41
       Passwall          ||     3
  Use: Scroll            ||     1
 Stab: Sleeping          ||     3
Armor: Robe              ||     6
Dodge: Dodged            ||    23

Table legend:
 A = Non-vault XP
 B = Vault XP
 C = Vault XP percentage of total XP
 D = Non-vault monster count
 E = Vault monster count
 F = Vault count percentage of total count
                 A         B        C        D         E       F
            +---------+---------+-------+---------+---------+-------
      Total |      64 |       4 |   5.9 |      24 |       2 |   7.7
            +---------+---------+-------+---------+---------+-------
        D:1 |      28 |       4 |  12.5 |      14 |       2 |  12.5
        D:2 |      36 |       0 |   0.0 |      10 |       0 |   0.0
            +---------+---------+-------+---------+---------+-------

Levels and vault maps discovered:
D:1:      ncdulo_watergridlock, layout_basic, minmay_pentomino_s2
D:2:      layout_basic, nicolae_overflow_crystal_walls, lemuel_round_altar,
          ashenzari_conservatory_becter, marbit_many_paths,
          corexii_corridor_pit, nemelex_diamond_rough_becter

Table legend:
 A = Turns spent in this place as a percentage of turns spent in the entire game.
 B = Non-inter-level travel turns spent in this place as a percentage of non-inter-level travel turns spent in the entire game.
 C = Inter-level travel turns spent in this place as a percentage of turns spent in this place.
 D = Turns resting spent in this place as a percentage of non-inter-level travel turns spent in this place.
 E = Turns spent auto-exploring this place as a percentage of non-inter-level travel turns spent in this place.
 F = Non-inter-level travel turns spent in this place divided by the number of levels of this place that you've seen.
                   A       B       C       D       E      F
               +-------+-------+-------+-------+-------+----------------------
         Total | 100.0 | 100.0 |   0.0 |   0.0 |   0.0 | 326.0
       Dungeon | 100.0 | 100.0 |   0.0 |   0.0 |   0.0 | 326.0
               +-------+-------+-------+-------+-------+----------------------

Table legend:
 A = Kills in this place as a percentage of kills in entire the game.
 B = Kills by you in this place as a percentage of kills by you in the entire game.
 C = Kills by friends in this place as a percentage of kills by friends in the entire game.
 D = Other kills in this place as a percentage of other kills in the entire game.
 E = Experience gained in this place as a percentage of experience gained in the entire game.
 F = Experience gained in this place divided by the number of levels of this place that you have seen.
                   A       B       C       D       E      F
               +-------+-------+-------+-------+-------+----------------------
         Total | 100.0 | 100.0 |   N/A |   N/A | 100.0 |  34.0
       Dungeon | 100.0 | 100.0 |   N/A |   N/A | 100.0 |  34.0
               +-------+-------+-------+-------+-------+----------------------
